 Dungeon Crawl Stone Soup version 0.25.1-8-g42b30a86e7 (webtiles) character file.

Game seed: 11722691188561591412

61 pepper333 the Skirmisher (level 3, -7/30 HPs)
             Began as a Demonspawn Abyssal Knight on Dec 4, 2020.
             Was a Follower of Lugonu.
             Mangled by a worm (11 damage)
             ... on level 2 of the Dungeon.
             The game lasted 00:05:42 (1601 turns).

pepper333 the Skirmisher (DsAK)                     Turns: 1601, Time: 00:05:43

Health: -7/30      AC:  3    Str: 12    XL:     3   Next: 83%
Magic:  4/4        EV: 12    Int: 13    God:    Lugonu [*.....]
Gold:   67         SH:  4    Dex: 13    Spells: 2/2 levels left

rFire    . . .     SeeInvis .   a - +2 falchion
rCold    . . .     Gourm    .   (no shield)
rNeg     . . .     Faith    .   b - +0 leather armour
rPois    .         Spirit   .   (no helmet)
rElec    .         Reflect  .   (no cloak)
rCorr    .         Harm     .   (no gloves)
MR       .....                  (no boots)
Stlth    +.........             (no amulet)
HPRegen  0.10/turn              (no ring)
MPRegen  0.09/turn              (no ring)

@: lethally poisoned (-7 -> -12), hasted, very quick
A: large bone plates 1, spiny 1
a: Depart the Abyss, Renounce Religion


You were on level 2 of the Dungeon.
You worshipped Lugonu.
Lugonu was aware of your devotion.
You were not hungry.

You visited 1 branch of the dungeon, and saw 2 of its levels.
You visited the Abyss 1 time.

You collected 67 gold pieces.

Inventory:

Hand Weapons
 a - a +2 falchion (weapon)
 m - a +1 vorpal spear
Armour
 b - a +0 leather armour (worn)
Jewellery
 o - an uncursed amulet of regeneration {unknown}
 v - a +6 ring of strength {unknown}
 x - an uncursed amulet of regeneration {unknown}
Wands
 h - a wand of clouds (3)
Scrolls
 d - a scroll of remove curse {unknown}
 f - 2 scrolls of teleportation
 i - 3 scrolls of identify
 l - a scroll of enchant weapon
 p - 3 scrolls of amnesia {unknown}
 t - a scroll of fog {unknown}
Potions
 e - a potion of flight {unknown}
 g - a potion of heal wounds {unknown}
 k - a potion of mutation {unknown}
 q - a potion of brilliance
 r - a potion of degeneration {unknown}
 s - a potion of might {unknown}
 w - a potion of ambrosia {unknown}
Comestibles
 c - 3 rations


   Skills:
 + Level 3.6 Fighting
 + Level 2.4 Long Blades
 + Level 2.0 Armour
 + Level 1.9 Dodging
 + Level 2.5 Invocations


You had 2 spell levels left.
You didn't know any spells.
Your spell library was empty.

Dungeon Overview and Level Annotations

Branches:
Dungeon (2/15)

Altars:
Nemelex Xobeh


Innate Abilities, Weirdness & Mutations

You are partially covered in large bone plates. (SH +4)
You are partially covered in sharp spines.


Message History

The worm is heavily wounded.
You miss the adder.
The adder is severely wounded.
The adder bites you.
* * * LOW HITPOINT WARNING * * *
You are lethally poisoned!
The adder poisons you! The adder is struck by your spines.
You kill the adder!
Lugonu accepts your kill. The worm bites you but does no damage.
It was a potion of cancellation.
Your magical effects are unravelling.
You feel magically purged.
You feel a little less clever now.
* * * LOW HITPOINT WARNING * * *
You feel sick.
It was a potion of haste.
You feel yourself speed up.
* * * LOW HITPOINT WARNING * * *
You feel sick. The worm is struck by your spines. The worm bites you!
You die...

#..#.....#####..#...#.
#...............#.#.#.
#..#.#..........#.#.#.
#.................#.#.
#..#.#.#.##########.#.
#.........(# ..#.
#..#.#.#.#.## g.#.
#$....w......
#..#.@..##.#.#
#........#.....
#..#.#$....#.#.#
#...#........... #..#
#.#...#.#. #.. #......
#. # #.#. #. ..


You could see a worm.

Vanquished Creatures
  2 adders (D:2)
  A worm (D:2)
  2 dart slugs
  2 leopard geckos
  2 giant cockroaches
  5 goblins
  5 hobgoblins
  6 bats
  3 frilled lizards
  2 kobolds
  4 rats
34 creatures vanquished.

Notes
Turn   | Place    | Note
-------+----------+-------------------------------------------
     0 | Abyss:1  | pepper333 the Demonspawn Abyssal Knight began the quest for
                  | the Orb.
     0 | Abyss:1  | Reached XP level 1. HP: 18/18 MP: 2/2
    18 | Abyss:1  | Found a sparkling altar of Nemelex Xobeh.
    29 | Abyss:1  | Found a sparkling altar of Nemelex Xobeh.
    94 | Abyss:1  | Noticed a hellwing
   136 | Abyss:2  | Noticed a hell knight
   136 | Abyss:2  | Noticed a hell knight
   136 | Abyss:2  | Noticed a hell knight
   136 | D:1      | Escaped the Abyss
   339 | D:1      | Reached skill level 1 in Dodging
   436 | D:1      | Gained mutation: You are partially covered in sharp spines.
                  | [demonic ancestry]
   436 | D:1      | Reached XP level 2. HP: 24/24 MP: 3/3
   752 | D:2      | Reached * piety under Lugonu
   754 | D:2      | Gained mutation: You are partially covered in large bone
                  | plates. (SH +4) [demonic ancestry]
   754 | D:2      | Reached XP level 3. HP: 27/29 MP: 4/4
  1450 | D:2      | Found a sparkling altar of Nemelex Xobeh.
  1601 | D:2      | Mangled by a worm

Illustrated notes

Levels and vault maps discovered:
D:1:      saegor_arrival_simple_c, layout_rooms, st_stairs_5,
          minmay_misc_feat_plants, roderic_lattice_a
D:2:      layout_basic, first_ration, hangedman_decor_riveting,
          kennysheep_small_spiral, nemelex_diamond_rough_becter

Skill      XL: |  1  2 |
---------------+-------+-----
Long Blades    | 2 |  2.4
Dodging        | 1 |  1.9
Armour         | 2 |  2.0
Fighting       | |  3.6
Invocations    | |  2.5

Action                   || total
-------------------------++-------
Melee: Falchion          ||    76
Invok: Depart the Abyss  ||     1
  Use: Scroll            ||     3
       Potion            ||     3
  Eat: Chunk             ||     2
Armor: Leather armour    ||    34
Dodge: Dodged            ||    74
Block: Other             ||     9
       Rpst.: Falchion   ||    25
